Map: Triton LE

Players

Harstem

  • Race: Protoss Protoss
  • Spawn Location: 11:00

Namshar - Winner!

  • Race: Zerg Zerg
  • Spawn Location: 5:00

Event: IEM Katowice 2020

VOD

Have the link to the VOD?

Description

Time

  • Played on: Feb. 25, 2020, 4:58 a.m.
  • Length: 10:17

All games in this series

Show
View Real Time Build Order
Export as new Build Order

Harstem Protoss 

Build Orders: 1 Gate Expand, Oracle Opening 

Get SALT Encoding   

  12  0:00  Probe  
  13  0:12  Probe  
  14  0:19  Pylon  
  14  0:25  Probe  
  15  0:37  Probe (Chrono Boost)  
  15  0:41  Gateway  
  16  0:47  Probe (Chrono Boost), Assimilator  
  17  0:52  Probe (Chrono Boost)  
  18  1:04  Probe  
  19  1:16  Probe  
  20  1:23  Nexus  
  20  1:34  Cybernetics Core  
  20  1:37  Probe  
  21  1:44  Assimilator  
  21  1:49  Probe  
  21  1:52  Pylon  
  22  2:01  Probe  
  22  2:07  Adept (Chrono Boost)  
  23  2:13  Probe  
  26  2:19  Stargate  
  26  2:26  Probe (Chrono Boost)  
  26  2:27  Adept (Chrono Boost)  
  27  2:35  Probe (Chrono Boost)  
  27  2:36  Warp Gate  
  30  2:43  Probe (Chrono Boost)  
  32  2:45  Probe (Chrono Boost)  
  32  2:50  Probe x2 (Chrono Boost), Stalker  
  36  3:02  Probe x2  
  36  3:05  Pylon  
  38  3:08  Oracle (Chrono Boost)  
  41  3:14  Probe x2  
  43  3:20  Gateway  
  43  3:26  Probe x2  
  45  3:36  Oracle (Chrono Boost)  
  45  3:38  Probe x2  
  50  3:44  Pylon  
  50  3:50  Probe x2  
  50  3:58  Pylon  
  50  4:02  Probe x2  
  52  4:07  Oracle  
  52  4:09  Assimilator  
  55  4:11  Assimilator  
  55  4:14  Nexus  
  55  4:15  Probe  
  55  4:17  Probe, Pylon  
  57  4:26  Robotics Facility  
  57  4:28  Probe, Adept  
  57  4:30  Probe  
  61  4:40  Probe  
  61  4:41  Pylon  
  61  4:42  Probe  
  61  4:45  Zealot  
  65  4:47  Forge  
  65  4:52  Probe  
  66  4:53  Sentry  
  66  4:54  Probe  
  66  4:56  Twilight Council  
  66  4:59  Pylon  
  69  5:04  Probe  
  69  5:06  Probe  
  71  5:16  Probe  
  71  5:18  Probe, Immortal (Chrono Boost)  
  77  5:24  Zealot  
  75  5:29  Photon Cannon x2  
  75  5:31  Probe, Shield Battery  
  75  5:32  Zealot  
  75  5:35  Probe  
  75  5:37  Probe  
  76  5:44  Probe  
  76  5:45  Phoenix (Chrono Boost)  
  76  5:47  Probe  
  76  5:49  Probe, Zealot  
  78  5:53  Zealot  
  78  5:56  Probe  
  81  6:00  Probe  
  79  6:07  Immortal (Chrono Boost)  
  79  6:10  Zealot  
  79  6:14  Zealot  
  79  6:16  Probe  
  81  6:24  Probe  
  76  6:31  Zealot  
  72  6:32  Probe  
  72  6:35  Protoss Ground Weapons Level 1 (Chrono Boost)  
  72  6:39  Zealot  
  66  6:50  Pylon  
  66  6:51  Probe  
  66  6:53  Zealot  
  68  6:58  Probe  
  69  7:03  Templar Archives  
  69  7:12  Zealot  
  71  7:17  Probe  
  71  7:22  Charge  
  70  7:25  Templar Archives  
  70  7:34  Zealot  
  70  7:35  Zealot  
  74  7:42  Nexus  
  74  7:43  Pylon  
  74  7:48  Gateway  
  75  7:54  Gateway x2  
  74  7:59  Probe, Gateway  
  74  8:03  High Templar x2  
  74  8:05  Probe  
  80  8:09  Archon  
  80  8:10  Warp Prism (Chrono Boost)  
  80  8:11  Probe  
  81  8:18  Probe  
  84  8:25  Probe  
  85  8:30  Shield Battery  
  85  8:36  High Templar x2  
  85  8:40  Gateway  
  89  8:41  Probe, Gateway  
  89  8:43  Assimilator  
  89  8:45  Archon, Assimilator  
  91  8:48  Pylon, Observer (Chrono Boost)  
  91  8:49  Psionic Storm  
  91  8:52  High Templar  
  93  8:58  High Templar  
  93  8:59  Zealot  
  97  9:04  Photon Cannon  
  97  9:05  Probe x2  
  97  9:09  Zealot x2  
  101  9:17  Immortal (Chrono Boost)  
  101  9:21  Probe, High Templar  
  108  9:25  Sentry, Zealot  
  108  9:26  Pylon  
  108  9:27  Probe  
  113  9:40  Probe  
  113  9:42  High Templar  
  113  9:44  Photon Cannon  
  114  9:46  Photon Cannon  
  114  9:53  High Templar  
  114  9:54  High Templar  
  114  9:56  Shield Battery  
  114  9:59  Archon, Zealot x5  
  128  10:02  Pylon  
  128  10:05  Pylon  
Show
View Real Time Build Order
Export as new Build Order

Namshar Zerg - Winner!

Build Orders: Hatch First 

Get SALT Encoding   

  12  0:00  Drone  
  13  0:12  Overlord  
  13  0:16  Drone  
  14  0:30  Drone x2  
  16  0:47  Hatchery  
  15  0:50  Drone  
  15  0:53  Drone  
  17  0:57  Drone  
  18  1:07  Extractor  
  17  1:12  Spawning Pool  
  17  1:15  Drone  
  17  1:19  Drone  
  18  1:27  Drone  
  19  1:38  Drone  
  20  1:48  Overlord  
  20  1:59  Queen x2  
  20  2:00  Zergling x4  
  26  2:08  Metabolic Boost  
  26  2:10  Drone  
  26  2:11  Drone  
  28  2:23  Drone  
  28  2:24  Drone  
  30  2:31  Drone  
  30  2:33  Drone  
  32  2:41  Hatchery  
  31  2:45  Pneumatized Carapace  
  31  2:49  Drone  
  32  2:53  Overlord  
  31  3:02  Zergling x4  
  33  3:08  Zergling x4  
  33  3:09  Drone  
  33  3:11  Drone  
  33  3:12  Drone  
  38  3:14  Drone  
  38  3:15  Drone  
  38  3:18  Overlord  
  40  3:20  Drone  
  40  3:24  Overlord  
  41  3:31  Spore Crawler, Drone  
  41  3:37  Spore Crawler, Drone  
  41  3:40  Queen  
  41  3:53  Lair  
  40  3:55  Drone  
  40  3:56  Queen  
  40  3:57  Drone  
  43  4:05  Drone x2  
  43  4:08  Overlord  
  45  4:16  Queen  
  47  4:19  Spore Crawler  
  47  4:21  Overlord  
  46  4:26  Overlord  
  46  4:27  Zergling x10  
  46  4:28  Zergling x2  
  52  4:40  Zergling x12  
  58  4:48  Zergling x8  
  62  4:55  Queen  
  62  4:57  Queen  
  66  5:04  Zergling x8  
  68  5:15  Zergling x2  
  68  5:16  Zergling x6  
  59  5:31  Zergling x12  
  63  5:40  Zergling x2  
  63  5:41  Zergling x4  
  62  5:52  Zergling x2  
  62  5:53  Zergling x6  
  62  5:55  Zergling x2  
  62  5:56  Zergling x6  
  63  5:59  Queen  
  63  6:03  Zergling x2  
  56  6:24  Drone  
  56  6:25  Overseer, Drone x2  
  59  6:30  Drone  
  59  6:31  Drone x5  
  59  6:32  Roach Warren  
  60  6:41  Drone x4  
  60  6:45  Drone  
  65  6:50  Drone x2  
  65  6:59  Drone x3  
  68  7:02  Drone x3  
  68  7:07  Extractor  
  66  7:15  Drone  
  66  7:16  Drone x2  
  66  7:22  Drone x6  
  71  7:24  Extractor x2  
  71  7:25  Glial Reconstitution, Extractor  
  71  7:26  Extractor, Drone x3  
  70  7:36  Overlord  
  70  7:42  Evolution Chamber  
  69  7:45  Drone x5  
  69  7:49  Spire  
  73  7:52  Drone  
  73  7:53  Drone x8  
  82  8:03  Drone  
  82  8:04  Drone  
  82  8:05  Overlord  
  84  8:06  Overlord  
  84  8:09  Zerg Missile Weapons Level 1  
  84  8:13  Overlord x2  
  84  8:16  Hatchery  
  83  8:26  Overlord x2  
  83  8:27  Overlord  
  83  8:30  Roach x5  
  93  8:39  Overlord x3  
  93  8:45  Roach x4  
  93  8:46  Roach  
  105  8:48  Roach  
  105  9:07  Mutalisk x8  
  120  9:11  Extractor x2  
  120  9:13  Mutalisk x3  
  124  9:21  Mutalisk x2  
  128  9:24  Drone x3  
  128  9:25  Drone x3  
  128  9:27  Drone  
  135  9:42  Roach  
  135  9:43  Roach x8  
  153  9:46  Overlord  
  153  9:47  Overlord  
  153  9:51  Drone  
  153  9:52  Baneling Nest  
  153  9:54  Overseer  
  159  10:10  Ravager x2  

Tags
 
Add a new tag
Caveats
  • Supply blocks, unpowered buildings, or Contaminate may cause inaccurate times.
  • Supply counts are checked every 10 seconds.